 Dungeon Crawl Stone Soup version 0.31-a0-83-gbff143cfd1 (webtiles) character file.

Game seed: 4587677880963570775

4 Hnau the Poker (level 1, -10/22 HPs)
             Began as an Ogre Gladiator on May 25, 2023.
             Killed by an exploding jackal (29 damage)
             ... ignited by their inner flame
             ... on level 1 of the Dungeon.
             The game lasted 00:06:20 (93 turns).

Hnau the Poker (Ogre Gladiator)                       Turns: 93, Time: 00:06:21

Health: -10/22     AC:  3    Str: 17    XL:     1   Next: 70%
Magic:  1/1        EV: 10    Int:  9    God:
Gold:   0          SH:  0    Dex: 10    Spells: 0/0 levels left

rFire   . . .        a - +0 trident
rCold   . . .        (no shield)
rNeg    . . .        b - +0 robe
rPois   .            c - +0 hat
rElec   .            (no cloak)
rCorr   .            (gloves unavailable)
SInv    .            (boots unavailable)
Will    .....        (no amulet)
Stlth   +            (no ring)
HPRegen 0.23/turn    (no ring)
MPRegen 0.07/turn

%: no passive effects
@: no status effects
A: large, unfitting armour, tough skin 1
a: no special abilities


You were on level 1 of the Dungeon.
You visited 1 branch of the dungeon, and saw 1 of its levels.

Inventory:

Hand Weapons
 a - a +0 trident (weapon)
 g - a +0 dagger
Missiles
 d - 3 throwing nets (quivered)
 e - a large rock
Armour
 b - a +0 robe (worn)
 c - a +0 hat (worn)


   Skills:
 + Level 2.7 Fighting
 + Level 3.1 Polearms
 + Level 2.0 Throwing
 + Level 2.8 Dodging


You couldn't memorise any spells.
You didn't know any spells.
Your spell library was empty.

Dungeon Overview and Level Annotations

Branches:
Dungeon (1/15)

Altars:


Innate Abilities, Weirdness & Mutations

You are too large for most types of armour.
You have tough skin. (AC +1)


Message History

You barely miss the rat. The rat bites you.
You hit the rat.
You kill the rat!
Found a grey potion.
You see here a +0 dagger.
g - a +0 dagger
Found a scroll labelled WAJEANIKLE.
Found a scroll labelled ZITHRIJ ECZYVE.
A jackal comes into view.
A jackal comes into view.
You see here a grey potion.
It was a potion of curing.
You feel better.
There are monsters nearby!
As you read the scroll labelled KAPHIL EGEECHE, it crumbles to dust.
The creatures around you are filled with an inner flame!
It was a scroll of immolation.
The jackal barks!
A frilled lizard comes into view.
The jackal attacks as you move away! The jackal barely misses you.
Found a potion of curing.
The jackal bites you. The jackal attacks as you move away!
The jackal closely misses you. The jackal closely misses you.
The jackal completely misses you.
You see here a scroll labelled WAJEANIKLE.
The jackal attacks as you move away!
The jackal bites you but does no damage.
Found a stone staircase leading down.
The jackal attacks as you move away! The jackal bites you.
The jackal attacks as you move away! The jackal bites you.
The jackal barely misses you. x2
The jackal attacks as you move away! The jackal barely misses you.
The jackal attacks as you move away! The jackal barely misses you.
Found 18 gold pieces.
The jackal bites you but does no damage.
You see here a potion of curing.
You hit the jackal.
The jackal explodes!
The fiery explosion engulfs the jackal!!!
The fiery explosion engulfs you!!
Ouch! That really hurt!
You die...

... .. .$ ###. . #..> .
##.###..#.# #.......#.#
#..# #@#.# ###
.##...###§§.##...
...#...§§§....... ###
###.##...l........ ...
................. ####..
#......?.......## ##>...#
..####.........#####..# #
##....##....#.....#####
####......................


You could see a frilled lizard.

Vanquished Creatures
  An endoplasm (D:1)
  A goblin (D:1)
  2 jackals (D:1)
  A kobold (D:1)
  A rat (D:1)
6 creatures vanquished.

Notes
Turn   | Place    | Note
-------+----------+-------------------------------------------
     0 | D:1      | Hnau the Ogre Gladiator began the quest for the Orb.
     0 | D:1      | Reached XP level 1. HP: 22/22 MP: 1/1
    93 | D:1      | Killed by an exploding jackal... ignited by their inner
                  | flame

Illustrated notes

Levels and vault maps discovered:
D:1:      zaba_arrival_water, layout_rooms

Action                     || total
---------------------------++-------
  Melee: Trident           ||     8
    Use: Scroll            ||     1
         Potion            ||     1
 Armour: Robe              ||     4
  Dodge: Dodged            ||    12

Table legend: (Time is in decaauts)
 A = Elapsed time spent in this place.
 B = Non-inter-level travel time spent in this place.
 C = Inter-level travel time spent in this place.
 D = Time resting spent in this place.
 E = Time spent auto-exploring this place.
 F = Levels seen in this place.
 G = Mean time per level.
                   A        B        C        D        E       F      G
               +--------+--------+--------+--------+--------+-----+--------+
         Total |     94 |     53 |     41 |      0 |      4 |   1 |   94.0 |
       Dungeon |     94 |     53 |     41 |      0 |      4 |   1 |   94.0 |
               +--------+--------+--------+--------+--------+-----+--------+

Top non-repeatable levels by time:
     D:1: 94 daAuts
